 Dungeon Crawl Stone Soup version 0.27.1-34-g3ba077fa99 (webtiles) character file.

Game seed: 3446772928200865648

53 pkoi the Insei (level 3, 0/31 HPs)
             Began as a Draconian Monk on Jan 17, 2022.
             Succumbed to an adder's poison
             ... on level 2 of the Dungeon.
             The game lasted 00:01:51 (1847 turns).

pkoi the Insei (Draconian Monk)                     Turns: 1847, Time: 00:01:51

Health: 0/31       AC:  5    Str: 13    XL:     3   Next: 62%
Magic:  12/12      EV: 12    Int: 11    God:
Gold:   70         SH:  5    Dex: 13    Spells: 2/2 levels left

rFire    + + +     SeeInvis .     - Unarmed
rCold    . . .     Faith    .   (no shield)
rNeg     . . .     Spirit   .   (armour unavailable)
rPois    .         Reflect  +   (helmet restricted)
rElec    .         Harm     .   (no cloak)
rCorr    .         Rampage  +   (no gloves)
Will     .....                  (no boots)
Stlth    ++........             a - amulet of Dogma {Reflect Rampage +Inv rF+++ MP+9 SH+5}
HPRegen  0.10/turn              (no ring)
MPRegen  0.13/turn              (no ring)

@: lethally poisoned (0 -> -4), hasted, very quick
A: AC +5, unfitting armour, cold-blooded
a: Evoke Invisibility


You were on level 2 of the Dungeon.
You visited 1 branch of the dungeon, and saw 2 of its levels.

You collected 70 gold pieces.

Inventory:

Hand Weapons
 c - a +2 short sword of freezing
Jewellery
 a - the amulet of Dogma (around neck) {Reflect Rampage +Inv rF+++ MP+9 SH+5}
   (You acquired it on level 2 of the Dungeon)

   [amulet of reflection]

   It reflects blocked missile attacks.
   rF:        It renders you almost immune to fire.
   MP:        It affects your magic capacity (+9).
   +Inv:      It lets you turn invisible.
   SH:        It affects your SH (+5).
   Rampage:   It bestows one free step when moving towards enemies.


   Skills:
 - Level 3.2 Fighting
 - Level 2.6 Dodging
 - Level 1.7 Stealth
 + Level 4.7 Unarmed Combat


You had 2 spell levels left.
You didn't know any spells.
Your spell library was empty.

Dungeon Overview and Level Annotations

Branches:
Dungeon (2/15)

Altars:

Shops:
D:1 [


Innate Abilities, Weirdness & Mutations

Your plain brown scales are hard. (AC +5)
You cannot fit into any form of body armour.
You are cold-blooded and may be slowed by cold attacks.


Message History

The adder is lightly wounded.
You feel sick. The adder barely misses you.
You hit the adder.
Your tail-slap misses the adder.
The adder is moderately wounded.
You feel sick. The adder bites you but does no damage.
You hit the adder.
The adder is heavily wounded.
You feel sick. The adder barely misses you.
You closely miss the adder.
The adder is heavily wounded.
You feel sick. The adder bites you.
You are more poisoned.
The adder poisons you!
You closely miss the adder. You tail-slap the adder.
The adder is severely wounded.
You feel sick. The adder barely misses you. The adder bites you.
* * * LOW HITPOINT WARNING * * *
You are lethally poisoned!
The adder poisons you!
You hit the adder.
You kill the adder!
* * * LOW HITPOINT WARNING * * *
You feel very sick.
* * * LOW HITPOINT WARNING * * *
You feel sick.
You see here an adder corpse.
* * * LOW HITPOINT WARNING * * *
You feel sick.
There is a lethal amount of poison in your body!
There is a lethal amount of poison in your body!
It was a potion of haste.
You feel yourself speed up.
* * * LOW HITPOINT WARNING * * *
You feel sick.
You aren't carrying any scrolls.
Okay, then.
* * * LOW HITPOINT WARNING * * *
You feel sick.
* * * LOW HITPOINT WARNING * * *
You feel sick.
You die...

#####.....#
##..#...#'
#####...#...#.
#...#>.##...##
#...####.....#
#.........####
#.........#
#######.........#
#..@†...........#
#......#.........#
#......#.......#.#
#......#.......#...
#......#.......###.
#..............
####.###....... #.#
..


There were no monsters in sight!

Vanquished Creatures
  2 adders (D:2)
  2 endoplasms (D:1)
  A giant cockroach (D:1)
  4 goblins
  2 hobgoblins (D:1)
  5 kobolds
  A quokka (D:1)
  9 ball pythons
  A bat (D:1)
  3 frilled lizards (D:1)
  5 rats (D:1)
35 creatures vanquished.

Notes
Turn   | Place    | Note
-------+----------+-------------------------------------------
     0 | D:1      | pkoi the Draconian Monk began the quest for the Orb.
     0 | D:1      | Reached XP level 1. HP: 19/19 MP: 1/1
   491 | D:1      | Found Oquogh's Armour Boutique.
   564 | D:1      | Reached XP level 2. HP: 26/26 MP: 2/2
   954 | D:1      | Reached skill level 4 in Unarmed Combat
  1125 | D:1      | Reached XP level 3. HP: 23/31 MP: 3/3
  1503 | D:2      | Identified a scroll of acquirement
  1503 | D:2      | Acquired the amulet of Dogma {Reflect Rampage +Inv rF+++
                  | MP+9 SH+5}
  1612 | D:2      | Found a faded altar of an unknown god.
  1846 | D:2      | HP: 1/31 [poisoned by an adder]
  1847 | D:2      | Succumbed to an adder's poison

Illustrated notes

Levels and vault maps discovered:
D:1:      dpeg_cavernosity, layout_basic, serial_shops, nicolae_shop_stone
D:2:      layout_rooms, basic_ecumenical_altar, corexii_shack, minivault_27,
          grunt_ministairs_6

Skill      XL: |  1  2 |
---------------+-------+-----
Unarmed Combat | 4 |  4.7
Fighting       | |  3.2
Dodging        | |  2.6
Stealth        | |  1.7

Action                   || total
-------------------------++-------
Melee: Unarmed           ||    84
       Tailslap          ||    11
       Punch             ||     1
  Use: Scroll            ||     2
       Potion            ||     1
 Stab: Sleeping          ||     5
Armor: Skin              ||    18
Dodge: Dodged            ||    43
Block: Other             ||     2
